Map: Catalyst LE

Players

Namshar

  • Race: Zerg Zerg
  • Spawn Location: 11:00

Nerchio - Winner!

  • Race: Zerg Zerg
  • Spawn Location: 5:00

Event: WESG 2017 Haikou

VOD

Have the link to the VOD?

Description

Time

  • Played on: March 12, 2018, 11:49 p.m.
  • Length: 9:01

All games in this series

Show
View Real Time Build Order
Export as new Build Order

Namshar Zerg 

Build Orders: Hatch First, Zergling Baneling 

Get SALT Encoding   

  12  0:00  Drone  
  13  0:12  Overlord  
  13  0:17  Drone  
  14  0:30  Drone x2  
  14  0:34  Drone  
  17  0:51  Hatchery  
  17  0:54  Drone  
  17  0:57  Drone  
  17  1:03  Extractor  
  17  1:13  Spawning Pool  
  17  1:16  Drone  
  17  1:19  Drone  
  18  1:28  Drone  
  19  1:41  Overlord  
  19  1:51  Drone  
  20  1:59  Queen  
  20  2:00  Drone  
  23  2:03  Metabolic Boost, Queen  
  23  2:07  Drone  
  26  2:11  Drone  
  26  2:14  Drone  
  28  2:23  Drone  
  28  2:26  Zergling x2  
  30  2:35  Hatchery  
  29  2:37  Zergling x2  
  29  2:41  Zergling x2  
  31  2:45  Baneling Nest  
  31  2:49  Overlord  
  30  2:55  Drone  
  31  3:10  Zergling x14  
  38  3:14  Zergling x4  
  38  3:17  Zergling x2  
  41  3:22  Overlord  
  41  3:25  Overlord  
  40  3:35  Drone x2  
  41  3:42  Baneling x2  
  41  3:43  Baneling x2  
  41  3:45  Baneling  
  41  3:48  Drone  
  41  3:49  Drone x4  
  41  3:52  Zergling x2  
  41  3:53  Zergling x2  
  47  4:07  Zergling x4  
  47  4:08  Drone x4  
  50  4:18  Drone x2  
  51  4:30  Drone x3  
  53  4:31  Overlord  
  53  4:38  Queen  
  55  4:39  Baneling  
  55  4:40  Baneling x2  
  55  4:47  Drone, Extractor  
  55  4:48  Drone x4, Evolution Chamber  
  52  4:56  Drone x4  
  52  5:00  Drone x2  
  48  5:10  Zergling x2  
  48  5:11  Zergling x8  
  52  5:14  Zerg Missile Weapons Level 1  
  52  5:19  Queen  
  54  5:25  Drone x3  
  54  5:26  Drone  
  54  5:39  Zergling x2  
  54  5:40  Zergling x10  
  51  5:51  Zergling x16  
  58  6:01  Queen  
  58  6:03  Lair  
  59  6:11  Drone  
  59  6:13  Roach Warren  
  58  6:22  Baneling x2  
  58  6:24  Baneling x2  
  58  6:25  Drone  
  55  6:26  Drone x8  
  55  6:29  Overlord  
  63  6:32  Baneling  
  63  6:33  Baneling  
  63  6:35  Zergling x2  
  63  6:36  Zergling x2  
  51  7:04  Roach  
  51  7:05  Roach x7  
  66  7:10  Extractor  
  66  7:11  Roach x2  
  68  7:15  Roach  
  68  7:21  Overlord x2  
  62  7:32  Queen  
  62  7:35  Glial Reconstitution  
  60  7:37  Drone  
  60  7:38  Drone x4  
  65  7:53  Drone  
  65  7:55  Drone x2  
  68  7:59  Hatchery  
  67  8:08  Roach x2  
  71  8:14  Roach x2  
  71  8:19  Roach  
  79  8:20  Roach  
  79  8:21  Overlord  
  79  8:26  Drone, Extractor  
  79  8:32  Drone  
  79  8:33  Drone  
  81  8:35  Drone x2  
Show
View Real Time Build Order
Export as new Build Order

Nerchio Zerg - Winner!

Build Orders: Hatch First 

Get SALT Encoding   

  12  0:00  Drone  
  13  0:13  Overlord  
  13  0:17  Drone  
  14  0:31  Drone x2  
  16  0:48  Hatchery  
  15  0:51  Drone  
  15  0:55  Drone  
  17  0:58  Drone  
  18  1:05  Extractor  
  17  1:14  Spawning Pool  
  17  1:17  Drone  
  17  1:20  Drone  
  18  1:28  Drone  
  19  1:40  Overlord  
  19  1:49  Drone  
  20  2:01  Queen x2  
  20  2:04  Metabolic Boost  
  20  2:06  Zergling x2  
  25  2:09  Zergling x2  
  25  2:13  Drone  
  27  2:16  Drone  
  27  2:22  Drone x2  
  30  2:32  Drone x2  
  32  2:43  Hatchery  
  31  2:46  Drone  
  32  2:51  Baneling Nest  
  32  2:56  Drone x2  
  33  2:59  Overlord  
  33  3:06  Drone x2  
  35  3:14  Zergling x2  
  35  3:17  Queen  
  35  3:19  Zergling x4  
  40  3:20  Zergling x2  
  40  3:23  Zergling x2  
  40  3:24  Zergling x2  
  40  3:26  Zergling x2  
  44  3:34  Overlord x2  
  44  3:36  Baneling  
  44  3:43  Baneling  
  44  3:45  Overlord  
  44  3:54  Zergling x8  
  48  3:57  Zergling x4  
  48  3:59  Zergling x2  
  48  4:02  Drone  
  51  4:06  Drone  
  51  4:09  Baneling  
  52  4:10  Drone x2  
  52  4:16  Drone  
  53  4:20  Drone x2  
  51  4:26  Drone  
  51  4:27  Drone x2  
  51  4:28  Zergling x2  
  54  4:32  Zergling x2  
  54  4:36  Baneling  
  55  4:39  Drone, Queen  
  55  4:40  Drone, Queen  
  61  4:46  Extractor, Overlord, Evolution Chamber  
  59  4:53  Zergling x2  
  59  4:54  Queen, Zergling x4  
  59  4:56  Zergling x2  
  62  5:00  Zergling x2  
  62  5:03  Drone  
  57  5:08  Drone  
  57  5:11  Zergling x2  
  57  5:13  Roach Warren, Baneling x3  
  58  5:15  Drone x2, Queen  
  58  5:17  Drone x2  
  58  5:18  Drone  
  58  5:20  Extractor  
  64  5:28  Zergling x2  
  64  5:29  Zergling x4  
  64  5:35  Zergling x2  
  67  5:38  Zergling x2  
  67  5:40  Drone  
  66  5:44  Zergling x2  
  66  5:45  Zergling x6  
  66  5:47  Zergling x6  
  66  5:49  Zergling x2  
  69  5:51  Zergling x6  
  69  5:52  Zergling x2  
  69  5:55  Drone  
  72  5:59  Drone  
  72  6:03  Drone, Lair  
  74  6:06  Roach  
  74  6:10  Roach  
  77  6:15  Roach  
  77  6:17  Roach  
  80  6:20  Roach  
  80  6:23  Baneling x2  
  81  6:27  Overlord x2  
  81  6:29  Overlord x2  
  81  6:32  Extractor  
  80  6:36  Queen  
  79  6:46  Roach x4  
  79  6:47  Roach x3  
  81  6:48  Roach  
  81  6:52  Roach  
  89  6:55  Roach  
  89  7:00  Roach  
  89  7:01  Drone x6  
  92  7:02  Drone  
  92  7:04  Drone  
  92  7:05  Drone  
  92  7:06  Drone x2  
  99  7:10  Glial Reconstitution  
  99  7:14  Drone x2  
  101  7:24  Roach x2  
  101  7:29  Roach  
  105  7:32  Roach x2  
  105  7:34  Roach  
  105  7:35  Extractor  
  105  7:36  Overlord x3  
  102  7:41  Overlord x2  
  102  7:44  Roach  
  102  7:47  Roach  
  102  7:49  Roach  
  106  7:54  Overlord x2  
  106  7:58  Roach  
  108  7:59  Roach  
  108  8:03  Roach  
  108  8:04  Roach  
  114  8:06  Roach  
  114  8:08  Roach, Ravager  
  114  8:09  Ravager  
  114  8:11  Roach  
  122  8:13  Roach  
  122  8:15  Roach  
  122  8:17  Roach  
  122  8:19  Roach, Ravager  
  131  8:21  Roach  
  131  8:23  Roach  
  131  8:26  Roach  
  137  8:29  Roach x2  
  137  8:31  Roach  
  137  8:33  Roach  
  145  8:41  Hatchery  
Tags
 
Add a new tag
Caveats
  • Supply blocks, unpowered buildings, or Contaminate may cause inaccurate times.
  • Supply counts are checked every 10 seconds.